 Dungeon Crawl Stone Soup version 0.29.0-10-g45618ea6d2 (webtiles) character file.

Game seed: 6209229955832846058

51 Flugkiller the Covered (level 3, 33/33 HPs)
             Began as a Minotaur Fighter on Sept 1, 2022.
             Was a Follower of Yredelemnul.
             Quit the game on level 1 of the Dungeon.
             The game lasted 00:00:26 (780 turns).

Flugkiller the Covered (Minotaur Fighter)            Turns: 780, Time: 00:00:27

Health: 33/33      AC:  7    Str: 26    XL:     3   Next: 57%
Magic:  2/2        EV:  9    Int:  5    God:    Yredelemnul [*.....]
Gold:   41         SH:  4    Dex: 11    Spells: 2/2 levels left

rFire   . . .      SeeInvis .   a - +0 war axe
rCold   . . .      Faith    .   c - +0 buckler
rNeg    . . .      Spirit   +   b - +0 scale mail
rPois   .          Reflect  .   (helmet restricted)
rElec   .          Harm     .   (no cloak)
rCorr   .          Rampage  .   (no gloves)
Will    .....                   (no boots)
Stlth   ..........              h - amulet of guardian spirit
HPRegen 0.11/turn               e - +6 ring of strength
MPRegen 0.08/turn               (no ring)

@: no status effects
A: horns 2, retaliatory headbutt
a: Renounce Religion, Recall Undead Harvest


You were on level 1 of the Dungeon.
You worshipped Yredelemnul.
Yredelemnul was noncommittal.
You visited 1 branch of the dungeon, and saw 2 of its levels.

You collected 41 gold pieces.

Inventory:

Hand Weapons
 a - a +0 war axe (weapon)
Armour
 b - a +0 scale mail (worn)
 c - a +0 buckler (worn)
Jewellery
 e - a +6 ring of strength (left hand)
   (You found it on level 1 of the Dungeon)
 h - an amulet of guardian spirit (around neck)
   (You found it on level 2 of the Dungeon)
Scrolls
 f - a scroll of teleportation {unknown}
 i - a scroll of brand weapon {unknown}
Potions
 d - a potion of might
 g - a potion of flight {unknown}
 j - a potion of brilliance {unknown}


   Skills:
 + Level 4.1 Fighting
 * Level 3.9 Axes
 + Level 4.2 Armour
 - Level 3.6 Shields


You had 2 spell levels left.
You didn't know any spells.
Your spell library was empty.

Dungeon Overview and Level Annotations

Branches:
Dungeon (2/15)

Altars:
Yredelemnul


Innate Abilities, Weirdness & Mutations

You have a pair of horns on your head.
You reflexively headbutt those who attack you in melee.


Message History

You feel agile. x2
Magic restored.
Found a stone staircase leading up.
Things that are here:
a +0 club; a goblin corpse
Found 7 stones.
i - a scroll labelled ZOPSAH GUPUAN
Found a book of Callings.
No target in view!
No target in view!
There is a stone staircase leading up here.
You climb upwards.
The goblin shouts!
The kobold shouts!
Found a robe.
There is a stone staircase leading down here.
There are monsters nearby!
There are monsters nearby!
There are monsters nearby!
An endoplasm comes into view.
The endoplasm quivers.
The bat hits you but does no damage.
You barely miss the bat. The bat hits you but does no damage.
The kobold hits you but does no damage. The endoplasm freezes you.
You are frozen.
You slash the endoplasm!
You kill the endoplasm!
You hit the bat but do no damage. You closely miss the kobold.
The bat hits you. The kobold closely misses you.
You slash the dart slug!
You kill the dart slug!
You slash the bat!
You kill the bat!
You closely miss the kobold. The kobold hits you with a +0 dagger.
You slash the kobold!
You kill the kobold!
You hit the goblin but do no damage. You block the goblin's attack.
A goblin comes into view. It is wielding a +0 dagger.
You block the goblin's attack.
The goblin shouts!
You slash the goblin!
You kill the goblin!
You see here a +0 club.
A kobold comes into view. It is wielding a +0 short sword.
The goblin barely misses you.
A rat comes into view.
You slash the goblin!
You kill the goblin!
The kobold completely misses you. You furiously retaliate!
You headbutt the kobold.
Things that are here:
a +0 dagger; a goblin corpse You slash the kobold!
You kill the kobold!
The rat barely misses you. You furiously retaliate!
You headbutt the rat.
You kill the rat!
You see here a +0 short sword.
HP restored.
Found a faded altar of an unknown god.
No target in view!
No target in view!
There is an empty arch of ancient stone here.
A bat comes into view.
Found 6 gold pieces.
A bat is nearby!
A bat is nearby!
A hobgoblin comes into view.
The bat hits you.
You hit the bat.
You kill the bat!
A ball python comes into view.
The ball python hisses angrily.
You see here a bat corpse.
A frilled lizard comes into view.
The frilled lizard hisses angrily.
The hobgoblin barely misses you. You furiously retaliate!
You headbutt the hobgoblin!
You kill the hobgoblin!
The ball python bites you but does no damage.
You block the ball python's attack.
You completely miss the ball python. The ball python bites you.
The ball python grabs you. The ball python constricts you.
The ball python bites you but does no damage.
The ball python constricts you.
You slash the ball python!
You kill the ball python!
The frilled lizard barely misses you.
You hit the frilled lizard.
You kill the frilled lizard!
No target in view!
There is an empty arch of ancient stone here.
No target in view!
No target in view!
j - a silvery potion
There is a faded altar of an unknown god here.
You cannot tell which god this altar belongs to.
Convert to them anyway?
Yredelemnul accepts your prayer! Yredelemnul welcomes you!
You can now reap souls.
You can now recall your undead harvest.
Are you sure you want to abandon this character and quit the game? (Confirm with "yes".)

......#######...............
#.††........#.............##
...)........#..†8..∩..∩..∩.#
.>.)..))....................
............#.............#.
...########.#∩..∩.....8....#
...# #......ZZ......... ####
##....Z...........
#.∩..@.Z8..♣..∩..
##############... #...$....
#........ #........ .......
...... ##...# #.....


You could see a friendly bat zombie, a friendly ball python zombie, a friendly
adder zombie and a friendly jackal zombie.

Vanquished Creatures
  2 adders (D:2)
  A dart slug (D:1)
  3 ball pythons
  2 endoplasms (D:1)
  A giant cockroach (D:2)
  5 goblins
  A hobgoblin (D:1)
  2 jackals (D:2)
  6 kobolds
  3 bats (D:1)
  A frilled lizard (D:1)
  2 rats
29 creatures vanquished.

Notes
Turn   | Place    | Note
-------+----------+-------------------------------------------
     0 | D:1      | Flugkiller the Minotaur Fighter began the quest for the
                  | Orb.
     0 | D:1      | Reached XP level 1. HP: 19/19 MP: 0/0
   222 | D:1      | You fall into a shaft and drop 1 floor!
   277 | D:2      | Reached XP level 2. HP: 21/27 MP: 1/1
   655 | D:2      | Reached XP level 3. HP: 31/33 MP: 0/2
   750 | D:1      | Found a faded altar of an unknown god.
   779 | D:1      | Prayed at the altar of an unknown god.
   779 | D:1      | Became a worshipper of Yredelemnul the Dark
   779 | D:1      | Reached * piety under Yredelemnul
   780 | D:1      | Quit the game

Illustrated notes

Levels and vault maps discovered:
D:1:      onia_arrival_mini_maze, layout_basic,
          hellmonk_ecumenical_altar_arch_garden
D:2:      layout_basic

Skill      XL: |  1  2 |
---------------+-------+-----
Axes           | 3 |  3.9
Armour         | 4 |  4.2
Fighting       | 4 |  4.1
Shields        | |  3.6

Action                   || total
-------------------------++-------
Melee: War axe           ||    60
       Headbutt          ||     4
Armor: Scale mail        ||    32
Dodge: Dodged            ||    36
Block: Buckler           ||    18
